AoeStats
← acp961

Arena

509276554Analyzed
3v3 RM · 6d ago on Sep 26, 2026· 28m 56s· 6 players
Game mode
Random Map
Map size
Normal (6 player)
Population
200
Speed
Normal
Resources
Standard
Victory
Conquest
Starting age
Dark Age
Ending age
Imperial Age
RankedLock teamsTeams togetherTeam positionsShared explorationLock speedFull tech treeHidden civsTurbo modeCheats
Victory
Defeat
🇵🇪 Spanish · Peru
1136
+13
🇵🇪 Armenians · Peru
1083
+15
🇨🇱 Turks · Chile
1039
+17
🇨🇳 Khmer · China
1070
-15
🇺🇸 Tatars · United States
1069
-15
🇲🇽 Slavs · Mexico
1068
-15
dudeofpersia
12:05 Feudal Age
12:56 Double-Bit Axe
13:09 Horse Collar
16:42 Castle Age
20:57 Wheelbarrow
20:51 Bow Saw
21:07 Heavy Plow
22:56 Hand Cart
27:10 Gold Mining
31:11 Imperial Age
Chinos1613
8:11 Loom
10:34 Feudal Age
14:54 Wheelbarrow
17:17 Castle Age
14:50 Man-at-Arms
16:23 Town Watch
16:21 Horse Collar
17:05 Gold Mining
17:02 Double-Bit Axe
27:31 Fletching
zhuge2021
11:25 Feudal Age
14:29 Castle Age
12:17 Double-Bit Axe
14:22 Gold Mining
14:52 Loom
15:59 Bow Saw
24:51 Light Cavalry
25:42 Bloodlines
25:33 Husbandry
27:11 Scale Barding Armor
27:32 Redemption
Xavi-10-
10:40 Feudal Age
14:30 Castle Age
13:19 Double-Bit Axe
13:22 Loom
15:12 Wheelbarrow
16:22 Bow Saw
21:03 Gold Mining
26:11 Imperial Age
24:02 Town Watch
27:47 Fletching
28:39 Bodkin Arrow
acp961
11:28 Feudal Age
16:21 Castle Age
14:40 Double-Bit Axe
17:40 Bow Saw
19:39 Horse Collar
21:20 Man-at-Arms
23:56 Horse Collar
25:17 Heavy Plow
25:42 Squires
25:55 Gold Mining
27:36 Wheelbarrow
27:13 Stone Mining
27:59 Gold Shaft Mining
27:19 Stone Mining
27:11 Long Swordsman
28:51 Hand Cart
28:15 Two-Handed Swordsman
rodrigolbs
11:28 Feudal Age
16:30 Castle Age
14:59 Double-Bit Axe
15:07 Gold Mining
22:52 Imperial Age
20:47 Bow Saw
27:33 Two-Man Saw
Connection lost

Rejoining the realm…

Still unreachable

The connection could not be restored.

Session expired

The server has moved on; the page needs a fresh start.